 Dungeon Crawl Stone Soup version 0.24.0-1-gfbc8707 (webtiles) character file.

Game seed: 12434402128445217510, levelgen mode: deterministic

91 Buxparty the Chopper (level 4, -1/34 HPs)
             Began as a Mummy Gladiator on Jan 7, 2020.
             Slain by an orc
             ... wielding a +0 falchion
              (3 damage)
             ... on level 3 of the Dungeon.
             The game lasted 00:02:52 (1700 turns).

Buxparty the Chopper (Mummy Gladiator)              Turns: 1700, Time: 00:02:53

Health: -1/34      AC:  4    Str: 18    XL:     4   Next: 34%
Magic:  4/4        EV: 13    Int:  7    God:
Gold:   83         SH:  0    Dex: 13    Spells: 3/3 levels left

rFire    x . .     SeeInvis .   a - +0 war axe
rCold    + . .     Gourm    .   (no shield)
rNeg     + + +     Faith    .   b - +0 leather armour
rPois    ∞         Spirit   .   c - +0 helmet
rElec    .         Reflect  .   (no cloak)
rCorr    .         Harm     .   (no gloves)
MR       .....                  (no boots)
Stlth    +.........             (no amulet)
HPRegen  0.11/turn              (no ring)
MPRegen  0.09/turn              (no ring)

@: no status effects
A: no food or potions, fire vulnerability, cold resistance 1, negative energy
resistance 3, torment resistance, unbreathing
a: no special abilities


You were on level 3 of the Dungeon.
You were not hungry.

You visited 1 branch of the dungeon, and saw 3 of its levels.

You collected 83 gold pieces.

Inventory:

Hand Weapons
 a - a +0 war axe (weapon)
Missiles
 d - 3 throwing nets (quivered)
 g - 8 atropa-tipped darts
 h - 2 silver javelins
Armour
 b - a +0 leather armour (worn)
 c - a +0 helmet (worn)
Scrolls
 e - 2 scrolls of identify {unknown}
 f - a scroll of fear {unknown}
 i - 2 scrolls of teleportation {unknown}
 j - a scroll of enchant armour {unknown}
 k - a scroll of noise {unknown}


   Skills:
 + Level 2.6 Fighting
 * Level 3.3 Axes
 + Level 2.2 Throwing
 + Level 2.9 Dodging


You had 3 spell levels left.
You didn't know any spells.
Your spell library was empty.

Dungeon Overview and Level Annotations

Branches:
Dungeon (3/15)

Altars:
Sif Muna

Annotations:
D:2 1 runed translucent door, Crazy Yiuf


Innate Abilities, Weirdness & Mutations

You do not eat or drink.
Your flesh is vulnerable to fire.
You are immune to poison.
Your flesh is cold resistant. (rC+)
You are immune to negative energy. (rN+++)
You are immune to unholy pain and torment.
You can survive without breathing.


Message History

A goblin comes into view. It is wielding a +1 vampiric dagger.
The goblin shouts!
You barely miss the orc priest.
The orc priest is heavily wounded.
You hit the bat. The bat completely misses you.
The orc priest hits you but does no damage.
You hit the orc priest.
The orc priest is severely wounded.
You closely miss the bat. You barely miss the orc.
The bat hits you but does no damage. The orc priest misses you.
The orc hits you with a +0 falchion.
* * * LOW HITPOINT WARNING * * *
The orc priest hits you.
* * * LOW HITPOINT WARNING * * *
The orc closely misses you.
You barely miss the orc priest.
The orc priest is severely wounded.
You closely miss the bat. You hit the orc. The bat hits you but does no damage.
The orc priest closely misses you. The orc hits you with a +0 falchion.
You die...

##### #..<###
##....#
####.#######.
#............
#.##.)######.
.. #†....###
..# ##.....b#
. ####.@.#
##oo# #..#
#..# #g..
#.... ......
......


You could see an orc priest, an orc, a goblin and a bat.

Vanquished Creatures
  Jessica (D:2)
  2 adders (D:2)
  A worm (D:2)
  A dart slug (D:2)
  An orc (D:3)
  7 bats
  5 giant cockroaches
  3 goblins
  6 hobgoblins
  3 jackals (D:1)
  A quokka (D:2)
  A frilled lizard (D:1)
  3 kobolds
  3 rats
38 creatures vanquished.

Notes
Turn   | Place    | Note
-------+----------+-------------------------------------------
     0 | D:1      | Buxparty the Mummy Gladiator began the quest for the Orb.
     0 | D:1      | Reached XP level 1. HP: 16/16 MP: 1/1
    99 | D:1      | Reached XP level 2. HP: 12/22 MP: 2/2
   732 | D:2      | Found a shimmering blue altar of Sif Muna.
   781 | D:2      | Reached XP level 3. HP: 28/28 MP: 3/3
   841 | D:2      | Found a faded altar of an unknown god.
  1184 | D:2      | Reached skill level 3 in Axes
  1330 | D:2      | Noticed Jessica
  1335 | D:2      | Killed Jessica
  1335 | D:2      | Reached XP level 4. HP: 27/34 MP: 4/4
  1612 | D:2      | Found a runed translucent door.
  1613 | D:2      | Noticed Crazy Yiuf
  1700 | D:3      | Slain by an orc

Levels and vault maps discovered:
D:1:      eino_arrival_cavern_a, layout_basic
D:2:      layout_loops_corners, overflow_temple_1_default,
          chequers_ecumenical_altar_island, uniq_jessica,
          uniq_crazy_yiuf_cottage
D:3:      layout_rooms, first_ration, uniq_terence, uniq_grinder

Skill      XL: |  1  2  3 |
---------------+----------+-----
Axes           | 3 |  3.3
Throwing       | 2 |  2.2
Fighting       | |  2.6
Dodging        | |  2.9

Action                   |  1- 3 |  4- 6 || total
-------------------------+-------+-------++-------
Melee: War axe           |    85 |    23 ||   108
Armor: Leather armour    |    30 |     9 ||    39
Dodge: Dodged            |    74 |    24 ||    98
